| TOP OF THE 1ST |
|
Milwaukee Brewers batting - Pitching for Detroit Tigers : RHP Ryan Sobocinski
|
|
Pitching: RHP Ryan Sobocinski
|
|
|
Batting: RHB Akitada Nishizawa
|
0-0: Ball 1-0: Swinging Strike 1-1: Swinging Strike 1-2: Ball 2-2: TRIPLE (Flyball, 9LD, EV 92.5 MPH)
|
|
Batting: RHB Kisho Ito
|
0-0: Called Strike 0-1: Ground out 6-3 (Groundball, 6S, EV 91.3 MPH) Akitada Nishizawa scores
|
|
Batting: SHB Jason Woods
|
0-0: Called Strike 0-1: Ball 1-1: Ball 2-1: Called Strike 2-2: Strikes out swinging
|
|
Batting: LHB Cooper Broomhall
|
0-0: Called Strike 0-1: Ball 1-1: SINGLE (Flyball, 6MD, EV 87.5 MPH)
|
|
Batting: LHB Tetsuya Oba
|
0-0: Ball 1-0: SINGLE (Groundball, 4M, EV 107.5 MPH) (infield hit) Cooper Broomhall to second
|
|
Batting: SHB Jean-François Bernard
|
0-0: Ball 1-0: Foul Ball, location: 2F 1-1: Swinging Strike 1-2: Foul Ball, location: 2F 1-2: DOUBLE (Flyball, 8RXD, EV 105.0 MPH) Cooper Broomhall scores Tetsuya Oba to third Runner from 3rd tries for Home, SAFE, throw by CF to home
|
|
Batting: RHB Cody Flowers
|
0-0: Ball 1-0: Ball 2-0: Ground out 4-3 (Groundball, 4, EV 90.0 MPH)
|
| Top of the 1st over - 3 runs, 4 hits, 0 errors, 1 left on base; Milwaukee 3 - Detroit 0 |
| BOTTOM OF THE 1ST |
|
Detroit Tigers batting - Pitching for Milwaukee Brewers : RHP Matt Evans
|
|
Pitching: RHP Matt Evans
|
|
|
Batting: RHB Greg Harman
|
0-0: SOLO HOME RUN (Flyball, 78XD, EV 97.5 MPH), Distance : 407 ft
|
|
Batting: RHB Randy Shrewsbury
|
0-0: Called Strike 0-1: Ground out 3-1 (Groundball, 34, EV 84.4 MPH)
|
|
Batting: SHB Phil Zacharia
|
0-0: Foul Ball, location: 2F 0-1: Ball 1-1: Foul Ball, location: 2F 1-2: Foul Ball, location: 2F 1-2: Ball 2-2: Ground out 6-3 (Groundball, 6, EV 97.5 MPH)
|
|
Batting: LHB Morgan Black
|
0-0: Called Strike 0-1: Fly out, F9 (Flyball, 89S, EV 85.0 MPH)
|
| Bottom of the 1st over - 1 run, 1 hit, 0 errors, 0 left on base; Milwaukee 3 - Detroit 1 |
| TOP OF THE 2ND |
|
Milwaukee Brewers batting - Pitching for Detroit Tigers : RHP Ryan Sobocinski
|
|
Batting: RHB Daniel Donovan
|
0-0: Called Strike 0-1: Swinging Strike 0-2: Fly out, F7 (Flyball, 7D, EV 93.1 MPH)
|
|
Batting: RHB Ben Campbell
|
0-0: Foul Ball, location: 2F 0-1: Ball 1-1: Ball 2-1: Ball 3-1: Called Strike 3-2: Strikes out swinging
|
|
Batting: RHB Akitada Nishizawa
|
0-0: Called Strike 0-1: Ball 1-1: Swinging Strike 1-2: Ball 2-2: Fly out, F3 (Flyball, 3D, EV 81.9 MPH)
|
| Top of the 2nd over - 0 runs, 0 hits, 0 errors, 0 left on base; Milwaukee 3 - Detroit 1 |
| BOTTOM OF THE 2ND |
|
Detroit Tigers batting - Pitching for Milwaukee Brewers : RHP Matt Evans
|
|
Batting: LHB Tyler Davis
|
0-0: Called Strike 0-1: Fly out, F9 (Flyball, 9LS, EV 91.3 MPH)
|
|
Batting: RHB Ryan Neal
|
0-0: Ball 1-0: Foul Ball, location: 2F 1-1: Ball 2-1: Ball 3-1: Base on Balls
|
|
Batting: LHB Emmanuel Gaskin
|
0-0: Called Strike 0-1: Fly out, F9 (Line Drive, 9, EV 89.4 MPH)
|
|
Batting: RHB Luke Feeney
|
0-0: Foul Ball, location: 2F 0-1: Ball 1-1: Fly out, F7 (Flyball, 7LM, EV 76.9 MPH)
|
| Bottom of the 2nd over - 0 runs, 0 hits, 0 errors, 1 left on base; Milwaukee 3 - Detroit 1 |
| TOP OF THE 3RD |
|
Milwaukee Brewers batting - Pitching for Detroit Tigers : RHP Ryan Sobocinski
|
|
Batting: RHB Kisho Ito
|
0-0: Called Strike 0-1: Foul Ball, location: 2F 0-2: Strikes out swinging
|
|
Batting: SHB Jason Woods
|
0-0: Fly out, F9 (Flyball, 89M, EV 76.9 MPH)
|
|
Batting: LHB Cooper Broomhall
|
0-0: Ball 1-0: Ball 2-0: Foul Ball, location: 2F 2-1: Called Strike 2-2: Ground out 4-3 (Groundball, 4, EV 108.8 MPH)
|
| Top of the 3rd over - 0 runs, 0 hits, 0 errors, 0 left on base; Milwaukee 3 - Detroit 1 |
| BOTTOM OF THE 3RD |
|
Detroit Tigers batting - Pitching for Milwaukee Brewers : RHP Matt Evans
|
|
Batting: RHB Adrian Novakovic
|
0-0: Ball 1-0: Called Strike 1-1: Swinging Strike 1-2: Ball 2-2: SINGLE (Line Drive, 9LS, EV 106.9 MPH)
|
|
Batting: RHB Greg Harman
|
0-0: Ball 1-0: Swinging Strike 1-1: Ball 2-1: Foul Ball, location: 2F 2-2: Foul Ball, location: 2F 2-2: Ball 3-2: Fly out, F8 (Line Drive, 8RD, EV 90.6 MPH)
|
|
Batting: RHB Randy Shrewsbury
|
0-0: Swinging Strike 0-1: Called Strike 0-2: Strikes out swinging
|
|
Batting: SHB Phil Zacharia
|
0-0: Swinging Strike 0-1: DOUBLE (Line Drive, 78D, EV 106.3 MPH) Adrian Novakovic to third Runner from 3rd tries for Home, SAFE, throw by LF to home
|
|
Batting: LHB Morgan Black
|
0-0: Ball 1-0: Ball 2-0: Ball 3-0: Called Strike 3-1: Called Strike 3-2: Base on Balls
|
|
Batting: LHB Tyler Davis
|
0-0: Ball 1-0: Foul Ball, location: 2F 1-1: Ball 2-1: Ball 3-1: Called Strike 3-2: Fly out, F8 (Flyball, 8RD, EV 95.6 MPH)
|
| Bottom of the 3rd over - 1 run, 2 hits, 0 errors, 2 left on base; Milwaukee 3 - Detroit 2 |
| TOP OF THE 4TH |
|
Milwaukee Brewers batting - Pitching for Detroit Tigers : RHP Ryan Sobocinski
|
|
Batting: LHB Tetsuya Oba
|
0-0: Called Strike 0-1: Ball 1-1: Called Strike 1-2: Ball 2-2: SOLO HOME RUN (Flyball, 7D, EV 98.8 MPH), Distance : 381 ft
|
|
Batting: SHB Jean-François Bernard
|
0-0: Ground out U3 (Groundball, 3, EV 95.6 MPH)
|
|
Batting: RHB Cody Flowers
|
0-0: Ground out U3 (Groundball, 3L, EV 90.6 MPH)
|
|
Batting: RHB Daniel Donovan
|
0-0: Swinging Strike 0-1: SINGLE (Groundball, 34D, EV 100.6 MPH)
|
|
Batting: RHB Ben Campbell
|
0-0: Ball 1-0: Ground out 4-3 (Groundball, 4, EV 103.1 MPH)
|
| Top of the 4th over - 1 run, 2 hits, 0 errors, 1 left on base; Milwaukee 4 - Detroit 2 |
| BOTTOM OF THE 4TH |
|
Detroit Tigers batting - Pitching for Milwaukee Brewers : RHP Matt Evans
|
|
Batting: RHB Ryan Neal
|
0-0: Called Strike 0-1: Ball 1-1: Ground out 6-3 (Groundball, 6, EV 82.5 MPH)
|
|
Batting: LHB Emmanuel Gaskin
|
0-0: Ball 1-0: Swinging Strike 1-1: Fly out, F8 (Flyball, 8LXD, EV 102.5 MPH)
|
|
Batting: RHB Luke Feeney
|
0-0: Called Strike 0-1: DOUBLE (Flyball, 78D, EV 105.0 MPH)
|
|
Batting: RHB Adrian Novakovic
|
0-0: Ball 1-0: Ball 2-0: Ball 3-0: Swinging Strike 3-1: Swinging Strike 3-2: Strikes out swinging
|
| Bottom of the 4th over - 0 runs, 1 hit, 0 errors, 1 left on base; Milwaukee 4 - Detroit 2 |
| TOP OF THE 5TH |
|
Milwaukee Brewers batting - Pitching for Detroit Tigers : RHP Ryan Sobocinski
|
|
Batting: RHB Akitada Nishizawa
|
0-0: Foul Ball, location: 2F 0-1: Ball 1-1: Ball 2-1: Ground out 6-3 (Groundball, 6, EV 106.9 MPH)
|
|
Batting: RHB Kisho Ito
|
0-0: Foul Ball, location: 2F 0-1: Ground out 4-3 (Groundball, 4, EV 77.5 MPH)
|
|
Batting: SHB Jason Woods
|
0-0: Called Strike 0-1: SINGLE (Groundball, 4S, EV 69.4 MPH) (infield hit)
|
|
Batting: LHB Cooper Broomhall
|
0-0: Ball 1-0: Fly out, F4 (Flyball, 34D, EV 97.5 MPH)
|
| Top of the 5th over - 0 runs, 1 hit, 0 errors, 1 left on base; Milwaukee 4 - Detroit 2 |
| BOTTOM OF THE 5TH |
|
Detroit Tigers batting - Pitching for Milwaukee Brewers : RHP Matt Evans
|
|
Batting: RHB Greg Harman
|
0-0: Ball 1-0: Called Strike 1-1: Ball 2-1: Swinging Strike 2-2: Strikes out looking
|
|
Batting: RHB Randy Shrewsbury
|
0-0: Fly out, F7 (Flyball, 7S, EV 86.3 MPH)
|
|
Batting: SHB Phil Zacharia
|
0-0: Ball 1-0: Fly out, F7 (Flyball, 7D, EV 99.4 MPH)
|
| Bottom of the 5th over - 0 runs, 0 hits, 0 errors, 0 left on base; Milwaukee 4 - Detroit 2 |
| TOP OF THE 6TH |
|
Milwaukee Brewers batting - Pitching for Detroit Tigers : RHP Ryan Sobocinski
|
|
Batting: LHB Tetsuya Oba
|
0-0: Ball 1-0: Called Strike 1-1: Ball 2-1: Ball 3-1: Base on Balls
|
|
Batting: SHB Jean-François Bernard
|
0-0: Ball 1-0: Ground out 4-3 (Groundball, 34D, EV 113.8 MPH) Tetsuya Oba to second
|
|
Batting: RHB Cody Flowers
|
0-0: Ball 1-0: Called Strike 1-1: Ball 2-1: Fly out, F8 (Flyball, 8RS, EV 85.0 MPH)
|
|
Batting: RHB Daniel Donovan
|
0-0: Foul Ball, location: 2F 0-1: Ball 1-1: Foul Ball, location: 2F 1-2: Ground out 2-3 (Groundball, 2L, EV 68.1 MPH)
|
| Top of the 6th over - 0 runs, 0 hits, 0 errors, 1 left on base; Milwaukee 4 - Detroit 2 |
| BOTTOM OF THE 6TH |
|
Detroit Tigers batting - Pitching for Milwaukee Brewers : RHP Matt Evans
|
|
Batting: LHB Morgan Black
|
0-0: Called Strike 0-1: Ball 1-1: Ball 2-1: Swinging Strike 2-2: Ball 3-2: Base on Balls
|
|
Batting: LHB Tyler Davis
|
0-0: Ball 1-0: Ball 2-0: Ball 3-0: Base on Balls Morgan Black to second
|
|
Batting: RHB Ryan Neal
|
0-0: Fly out, F9 (Flyball, 9LD, EV 83.1 MPH) Runner from 2nd tags up, SAFE at 3rd, no throw by RF
|
|
Pitching: RHP Willie Felix
|
|
|
Batting: LHB Emmanuel Gaskin
|
0-0: Ball 1-0: Ball 2-0: Ball 3-0: Base on Balls Tyler Davis to second
|
|
Batting: RHB Luke Feeney
|
0-0: Ball 1-0: Ball 2-0: Foul Ball, location: 2F 2-1: Swinging Strike 2-2: Foul Ball, location: 2F 2-2: Foul Ball, location: 2F 2-2: Grounds into double play, 5-4-3 (Groundball, 5, EV 79.4 MPH)
|
| Bottom of the 6th over - 0 runs, 0 hits, 0 errors, 2 left on base; Milwaukee 4 - Detroit 2 |
| TOP OF THE 7TH |
|
Milwaukee Brewers batting - Pitching for Detroit Tigers : RHP Ryan Sobocinski
|
|
Batting: RHB Ben Campbell
|
0-0: Ground out 4-3 (Groundball, 4M, EV 76.9 MPH)
|
|
Batting: RHB Akitada Nishizawa
|
0-0: Called Strike 0-1: Ball 1-1: Ground out 5-3 (Groundball, 56, EV 88.1 MPH)
|
|
Batting: RHB Kisho Ito
|
0-0: SINGLE (Groundball, 56, EV 110.0 MPH)
|
|
Batting: SHB Jason Woods
|
0-0: Ball 1-0: Called Strike Kisho Ito steals 2nd base 1-1: Foul Ball, location: 2F 1-2: Ball 2-2: Strikes out swinging
|
| Top of the 7th over - 0 runs, 1 hit, 0 errors, 1 left on base; Milwaukee 4 - Detroit 2 |
| BOTTOM OF THE 7TH |
|
Detroit Tigers batting - Pitching for Milwaukee Brewers : RHP Willie Felix
|
|
Batting: RHB Adrian Novakovic
|
0-0: Foul Ball, location: 2F 0-1: Called Strike 0-2: Ball 1-2: TRIPLE (Flyball, 89XD, EV 108.8 MPH)
|
|
Batting: RHB Greg Harman
|
0-0: Ball 1-0: Foul Ball, location: 2F 1-1: Ball 2-1: Foul Ball, location: 2F 2-2: Foul Ball, location: 2F 2-2: Ball 3-2: 2-RUN HOME RUN (Flyball, 7D, EV 95.0 MPH), Distance : 377 ft
|
|
Batting: RHB Randy Shrewsbury
|
0-0: Called Strike 0-1: Ball 1-1: SINGLE (Line Drive, 9S, EV 103.1 MPH)
|
|
Batting: SHB Phil Zacharia
|
0-0: Ball Randy Shrewsbury steals 2nd base 1-0: Swinging Strike 1-1: 2-RUN HOME RUN (Flyball, 9D, EV 98.8 MPH), Distance : 379 ft
|
|
Pitching: LHP Jamie Blake
|
|
|
Batting: LHB Morgan Black
|
0-0: Ground out 4-3 (Groundball, 34, EV 85.0 MPH)
|
|
Batting: LHB Tyler Davis
|
0-0: Ball 1-0: Swinging Strike 1-1: Swinging Strike 1-2: Strikes out swinging
|
|
Batting: RHB Ryan Neal
|
0-0: Ball 1-0: Ball 2-0: Fly out, F3 (Popup, 3F, EV 66.9 MPH)
|
| Bottom of the 7th over - 4 runs, 4 hits, 0 errors, 0 left on base; Milwaukee 4 - Detroit 6 |
| TOP OF THE 8TH |
|
Milwaukee Brewers batting - Pitching for Detroit Tigers : RHP Ryan Sobocinski
|
|
Batting: LHB Cooper Broomhall
|
0-0: Ball 1-0: Swinging Strike 1-1: Ball 2-1: Ball 3-1: Fly out, F8 (Flyball, 8RS, EV 81.9 MPH)
|
|
Batting: LHB Tetsuya Oba
|
0-0: Called Strike 0-1: Ball 1-1: Foul Ball, location: 2F 1-2: Ball 2-2: Ball 3-2: SINGLE (Groundball, 4MD, EV 93.8 MPH)
|
|
Pitching: RHP Eric Putnam
|
|
|
Batting: SHB Jean-François Bernard
|
0-0: Ball 1-0: DOUBLE (Line Drive, 78XD, EV 107.5 MPH) Tetsuya Oba to third
|
|
Batting: RHB Cody Flowers
|
0-0: Ball 1-0: Called Strike 1-1: Called Strike 1-2: Ball 2-2: Ball 3-2: Foul Ball, location: 2F 3-2: Fly out, F8 (Flyball, 8RXD, EV 89.4 MPH) Runner from 3rd tags up, SCORES, no throw by CF Jean-François Bernard to third
|
|
Batting: RHB Daniel Donovan
|
0-0: Ball 1-0: Ball 2-0: Ball 3-0: Ground out 3-1 (Groundball, 34, EV 108.1 MPH)
|
| Top of the 8th over - 1 run, 2 hits, 0 errors, 1 left on base; Milwaukee 5 - Detroit 6 |
| BOTTOM OF THE 8TH |
|
Detroit Tigers batting - Pitching for Milwaukee Brewers : LHP Jamie Blake
|
|
Batting: LHB Emmanuel Gaskin
|
0-0: Ball 1-0: Ground out 6-3 (Groundball, P, EV 88.8 MPH)
|
|
Batting: RHB Luke Feeney
|
0-0: Swinging Strike 0-1: Ball 1-1: SINGLE (Groundball, 6MD, EV 102.5 MPH)
|
|
Batting: RHB Adrian Novakovic
|
0-0: Swinging Strike 0-1: Ball Wild Pitch! Luke Feeney to second 1-1: Foul Ball, location: 2F 1-2: Strikes out swinging
|
|
Batting: RHB Greg Harman
|
0-0: Ball 1-0: Ball 2-0: Called Strike 2-1: Called Strike 2-2: Strikes out swinging
|
| Bottom of the 8th over - 0 runs, 1 hit, 0 errors, 1 left on base; Milwaukee 5 - Detroit 6 |
| TOP OF THE 9TH |
|
Milwaukee Brewers batting - Pitching for Detroit Tigers : RHP Eric Putnam
|
|
Pitching: RHP Riso Profanter
|
|
|
Batting: RHB Ben Campbell
|
0-0: Fly out, F8 (Flyball, 8RS, EV 88.1 MPH)
|
|
Batting: RHB Akitada Nishizawa
|
0-0: Ball 1-0: Swinging Strike 1-1: Ball 2-1: SINGLE (Groundball, 56D, EV 100.6 MPH)
|
|
Batting: RHB Kisho Ito
|
0-0: Foul Ball, location: 2F 0-1: Ball 1-1: Ball 2-1: Swinging Strike 2-2: Strikes out swinging
|
|
Batting: SHB Jason Woods
|
0-0: Ball 1-0: Foul Ball, location: 2F 1-1: Ball 2-1: Called Strike 2-2: Strikes out swinging
|
| Top of the 9th over - 0 runs, 1 hit, 0 errors, 1 left on base; Milwaukee 5 - Detroit 6 |
|